 Dungeon Crawl Stone Soup version 0.18-a0-1784-ga939a68 (webtiles) character file.

501 Tarnath the Cudgeler (level 6, -2/57 HPs)
             Began as a Deep Dwarf Fighter on Apr 18, 2016.
             Slain by an ogre
             ... wielding a +0 giant club
              (17 damage)
             ... on level 4 of the Dungeon.
             The game lasted 00:12:31 (3122 turns).

Tarnath the Cudgeler (Deep Dwarf Fighter)           Turns: 3122, Time: 00:12:33

Health: -2/57      AC: 12    Str: 19      XL:     6   Next: 95%
Magic:  7/7        EV: 11    Int:  9      God:
Gold:   243        SH: 10    Dex: 13 (14) Spells: 0 memorised, 5 levels left

rFire  + . .     SeeInvis +     q - +3 mace
rCold  . . .     Gourm    .     r - +2 ring mail {rF+}
rNeg   . . .     Faith    .     c - +0 shield
rPois  .         Spirit   .     (no helmet)
rElec  .         Dismiss  .     o - +0 cloak
rCorr  .         Reflect  .     (no gloves)
SustAt .         Harm     .     a - +2 pair of boots
MR     .....                    (no amulet)
Stlth  +.........               u - ring of see invisible
                                p - +3 ring of evasion

@: non-regenerating, not resistant to hostile enchantments, very unstealthy
A: damage resistance, recharge devices, sense surroundings 1, slow regeneration
3
a: Device Recharging


You were on level 4 of the Dungeon.
You were not hungry.

You visited 1 branch of the dungeon, and saw 5 of its levels.

You collected 243 gold pieces.

Inventory:

Hand Weapons
 q - a +3 mace (weapon)
 s - a +1 mace of protection
Armour
 a - a +2 pair of boots (worn)
 c - a +0 shield (worn)
 o - a +0 cloak (worn)
 r - a +2 ring mail of fire resistance (worn)
Jewellery
 h - an uncursed ring of positive energy
 p - a +3 ring of evasion (left hand)
 u - a ring of see invisible (right hand)
Wands
 e - a wand of heal wounds (0/9)
 t - a wand of acid (8/15)
 w - a wand of lightning (6/15)
Scrolls
 d - a scroll of recharging {unknown}
 n - 2 scrolls of identify {unknown}
 v - a scroll of teleportation
Potions
 g - a potion of degeneration
 j - a potion of heal wounds {unknown}
 k - a potion of invisibility {unknown}
 m - a potion of flight {unknown}
Books
 i - Kikubaaqudgha's Handbook of Evil Rites
   (You found it on level 4 of the Dungeon)

   Spells                             Type                      Level
   a - Animate Skeleton               Necromancy                   1
Comestibles
 b - 2 beef jerkies
 f - 3 bread rations
 l - 3 meat rations


   Skills:
 + Level 4.0 Fighting
 * Level 5.0 Maces & Flails
 - Level 3.2 Armour
 + Level 4.8 Shields
 + Level 3.8 Evocations


You had 5 spell levels left.
You didn't know any spells.

Dungeon Overview and Level Annotations

Branches:
Dungeon (5/15)
 Temple: D:4-7

Altars:
Kikubaaqudgha
Nemelex Xobeh
Sif Muna
Vehumet
The Shining One

Annotations:
D:5 M4edhros's ghost, novice FoNe


Innate Abilities, Weirdness & Mutations

You are resistant to damage.
You can recharge devices by infusing magical energy.
You passively map a small area around you.
You do not regenerate naturally.


Message History

M4edhros's ghost hits you.
There is a stone staircase leading up here.
The ogre barely misses you. M4edhros's ghost barely misses you.
You climb upwards.
There is a stone staircase leading down here.
There is a stone staircase leading up here.
There is an open door here.
There is a stone staircase leading up here.
You see here a scale mail.
There is an open door here.
You sock the ogre!
The ogre is heavily wounded.
The ogre hits you with a giant club.
You sock the ogre!
The ogre is severely wounded.
The ogre closely misses you.
You hit the ogre.
The ogre is almost dead.
The ogre hits you with a giant club!!
You die...

...⌠..# #.# ##...## #....
.#...## #.# ##'## ####.
##.#.# #.# #.# #. #...##
#.# #.# #. 8...#####.#####
##.## #. #._.8#........#
##...##### #.
#####.###.###.####........#
#. # #.# #.#
#.##.O....###.# #. #.#
#.###.##@....####.######.
#.#
#.....................>..
#.#
#####.#####.......#######
#.#######.# #########
#.........# ###########


You could see an ogre.

Vanquished Creatures
  2 giant frogs (D:4)
  4 orc priests
  Ijyb (D:3)
  Terence (D:3)
  An orc wizard (D:4)
  A worker ant (D:4)
  5 adders (D:2)
  An ooze (D:3)
  A worm (D:2)
  3 dart slugs
  2 giant geckos
  12 orcs
  A ball python (D:4)
  5 giant cockroaches
  7 goblins
  8 hobgoblins
  7 jackals
  7 kobolds
  2 quokkas
  6 bats
  9 giant newts
  8 rats
94 creatures vanquished.

Notes
Turn   | Place    | Note
--------------------------------------------------------------
     0 | D:1      | Tarnath the Deep Dwarf Fighter began the quest for the Orb.
     0 | D:1      | Reached XP level 1. HP: 20/20 MP: 1/1
    39 | D:1      | Reached skill level 1 in Evocations
   150 | D:1      | Reached XP level 2. HP: 27/27 MP: 2/2
   285 | D:1      | Found a glowing golden altar of the Shining One.
   725 | D:2      | Reached XP level 3. HP: 28/33 MP: 4/4
   818 | D:2      | Reached skill level 3 in Maces & Flails
   898 | D:2      | Reached XP level 4. HP: 34/42 MP: 5/5
  1426 | D:3      | Reached XP level 5. HP: 7/49 MP: 6/6
  1508 | D:3      | Found a sparkling altar of Nemelex Xobeh.
  1532 | D:3      | Noticed Terence
  1543 | D:3      | Killed Terence
  1543 | D:3      | Reached skill level 4 in Maces & Flails
  1737 | D:3      | Noticed Ijyb
  1751 | D:3      | Killed Ijyb
  2163 | D:4      | Reached XP level 6. HP: 48/57 MP: 7/7
  2236 | D:4      | Found a radiant altar of Vehumet.
  2236 | D:4      | Found an ancient bone altar of Kikubaaqudgha.
  2237 | D:4      | Found a deep blue altar of Sif Muna.
  2243 | D:4      | Identified Kikubaaqudgha's Handbook of Evil Rites
  2707 | D:4      | Reached skill level 5 in Maces & Flails
  3044 | D:5      | Entered Level 5 of the Dungeon
  3061 | D:5      | Noticed M4edhros's ghost (novice FoNe)
  3122 | D:4      | Slain by an ogre

Vault maps used:
D:1:      elethiomel_arrival_infinity_welcomes_careful_drivers, tso_metal_star
D:2:      first_bread
D:3:      lemuel_crystal_altar, hangedman_glass_teeth, minmay_statues_item,
          minmay_misc_feat_columns, uniq_iyjb, uniq_terence
D:4:      lemuel_upstairs_altar, grunt_temple_overflow_magic_moments
D:5:      lemuel_crystal_altar, nicolae_overflow_hidden_temple, enter_ossuary_1,
          nicolae_ru_sacrificial_ziggurat

Skill      XL: |  1  2  3  4  5  6 |
---------------+-------------------+-----
Evocations     | 1 2 3 |  3.8
Maces & Flails | 3 4 5 |  5.0
Fighting       | 3 4 |  4.0
Shields        | 4 |  4.8
Armour         | |  3.2

Action                   |  1- 3 |  4- 6 || total
-------------------------+-------+-------++-------
Melee: Flail             |   137 |   121 ||   258
       Mace              |       |   161 ||   161
 Abil: Device Recharging |       |     1 ||     1
Evoke: Wand              |     1 |     6 ||     7
  Use: Scroll            |       |     8 ||     8
       Potion            |       |     2 ||     2
  Eat: Chunk             |       |     8 ||     8
Armor: Scale mail        |    66 |    78 ||   144
       Ring mail         |       |    94 ||    94
Dodge: Dodged            |    41 |    90 ||   131
Block: Shield            |    66 |   168 ||   234
